 Dungeon Crawl Stone Soup version 0.23-a0-171-g5ae17c6 (webtiles) character file.

35 digijack the Ruffian (level 3, 0/29 HPs)
             Began as a Draconian Transmuter on Sept 12, 2018.
             Succumbed to an adder's poison
             ... on level 2 of the Dungeon.
             The game lasted 00:04:56 (1110 turns).

digijack the Ruffian (Draconian Transmuter)         Turns: 1110, Time: 00:04:56

Health: 0/29       AC:  5    Str: 12    XL:     3   Next: 17%
Magic:  6/6        EV: 12    Int: 14    God:
Gold:   54         SH:  0    Dex: 11    Spells: 5/6 levels left

rFire    . . .     SeeInvis .     - Unarmed
rCold    . . .     Gourm    .   (no shield)
rNeg     . . .     Faith    .   (armour unavailable)
rPois    .         Spirit   .   (helmet restricted)
rElec    .         Reflect  .   (no cloak)
rCorr    .         Harm     .   (no gloves)
MR       .....                  (no boots)
Stlth    +.........             (no amulet)
HPRegen  0.09/turn              f - ring of wizardry
MPRegen  0.10/turn              (no ring)

@: lethally poisoned (0 -> -2)
A: unfitting armour, cold-blooded, AC +5
a: no special abilities


You were on level 2 of the Dungeon.
You were not hungry.

You visited 1 branch of the dungeon, and saw 2 of its levels.

You collected 54 gold pieces.

Inventory:

Missiles
 b - 72 stones
 g - 4 tomahawks (quivered)
Jewellery
 f - a ring of wizardry (left hand)
Scrolls
 d - 2 scrolls of remove curse
 e - 3 scrolls of teleportation
Comestibles
 a - 13 chunks of flesh
 c - 5 rations


   Skills:
 + Level 1.7 Fighting
 + Level 2.1 Dodging
 + Level 3.3 Unarmed Combat
 + Level 2.3 Spellcasting
 + Level 2.3 Transmutations


You had 5 spell levels left.
You knew the following spells:

 Your Spells              Type           Power        Failure   Level  Hunger
a - Beastly Appendage     Tmut           #.....       3%          1    #......

Your spell library contained the following spells:

 Spells                   Type           Power        Failure   Level  Hunger
 Sticks to Snakes         Tmut           #.......     5%          2    ###....
 Spider Form              Tmut/Pois      #.........   16%         3    ###....
 Ice Form                 Ice/Tmut       #.......     45%         4    #####..
 Blade Hands              Tmut           #.........   65%         5    ######.


Dungeon Overview and Level Annotations

Branches:
Dungeon (2/15)

Altars:


Innate Abilities, Weirdness & Mutations

Your plain brown scales are hard. (AC +5)
You cannot fit into any form of body armour.
You are cold-blooded and may be slowed by cold attacks.


Message History

* * * LOW HITPOINT WARNING * * *
The adder closely misses you.
You barely miss the adder.
Your tail-slap misses the adder.
The adder is heavily wounded.
The adder bites you.
* * * LOW HITPOINT WARNING * * *
You hit the adder. You tail-slap the adder.
You kill the adder!
You have reached level 3!
Your experience leads to an increase in your attributes!
Increase (S)trength, (I)ntelligence, or (D)exterity?
You feel clever.
Your scales feel tougher.
* * * LOW HITPOINT WARNING * * *
You feel sick.
You aren't carrying any potions.
Okay, then.
Found a glowing dagger.
You see here a scroll of teleportation.
e - 3 scrolls of teleportation (gained 1)
You die...

#....#......#
#..#.#......#
#.##.#......#
#....#......#
.###########รท#
).........<..###.#
..................
#####.............(
##....@....#####.##?
#..........# .#
#..........# #
#..........#
#..........#
)..........>#
##...######## #...
#..


There were no monsters in sight!

Vanquished Creatures
  An adder (D:2)
  An ooze (D:1)
  2 bats
  A giant cockroach (D:2)
  2 goblins (D:1)
  3 hobgoblins
  2 jackals (D:2)
  2 frilled lizards
  5 kobolds
  3 rats
22 creatures vanquished.

Notes
Turn   | Place    | Note
-------+----------+-------------------------------------------
     0 | D:1      | digijack the Draconian Transmuter began the quest for the
                  | Orb.
     0 | D:1      | Reached XP level 1. HP: 16/16 MP: 3/3
   570 | D:1      | Reached XP level 2. HP: 23/23 MP: 3/5
  1105 | D:2      | HP: 1/23 [adder (2)]
  1106 | D:2      | Reached XP level 3. HP: 2/29 MP: 6/6
  1110 | D:2      | Succumbed to an adder's poison

Vault maps used:
D:1:      nzn_arrival_crosshair, corexii_corridor_pit
D:2:      nicolae_overflow_hidden_temple

Skill      XL: |  1  2 |
---------------+-------+-----
Dodging        | 2 |  2.1
Fighting       | |  1.7
Unarmed Combat | |  3.3
Spellcasting   | |  2.3
Transmutations | |  2.3

Action                   || total
-------------------------++-------
Melee: Unarmed           ||    69
       Kick              ||     5
       Tailslap          ||     3
       Punch             ||     3
       Headbutt          ||     6
 Cast: Beastly Appendage ||    12
  Use: Scroll            ||     3
       Potion            ||     2
  Eat: Chunk             ||     1
Armor: Skin              ||    17
Dodge: Dodged            ||    34

Table legend:
 A = Non-vault XP
 B = Vault XP
 C = Vault XP percentage of total XP
 D = Non-vault monster count
 E = Vault monster count
 F = Vault count percentage of total count
                 A         B        C        D         E       F
            +---------+---------+-------+---------+---------+-------
      Total |      51 |       0 |   0.0 |      22 |       0 |   0.0
            +---------+---------+-------+---------+---------+-------
        D:1 |      23 |       0 |   0.0 |      12 |       0 |   0.0
        D:2 |      28 |       0 |   0.0 |      10 |       0 |   0.0
            +---------+---------+-------+---------+---------+-------
